 Dungeon Crawl Stone Soup version 0.29.1-1-gd02db6906a (webtiles) character file.

Game seed: 4222514484796748814

93323 xian the Bludgeoner (level 15, -5/138 HPs)
             Began as a Minotaur Gladiator on Sept 27, 2022.
             Was an Elder of Trog.
             Incinerated by a deep elf pyromancer (10 damage)
             ... with a sticky flame
             ... on level 15 of the Dungeon.
             The game lasted 01:21:38 (21389 turns).

xian the Bludgeoner (Minotaur Gladiator)           Turns: 21389, Time: 01:21:39

Health: -5/138     AC: 27    Str: 32    XL:     15   Next: 60%
Magic:  23/23      EV: 11    Int: 14    God:    Trog [****..]
Gold:   1189       SH: 13    Dex: 12    Spells: 14/14 levels left

rFire   . . .      SeeInvis +   F - +6 hammer "Tiugaisch" {drain, Will+ MP+9 Int+3}
rCold   . . .      Faith    .   n - +0 kite shield
rNeg    + . .      Spirit   .   f - +11 plate armour "Xisheth" {Int+4}
rPois   +          Reflect  .   c - +2 hat
rElec   +          Harm     +   P - scarf {repulsion}
rCorr   .          Rampage  .   W - +2 pair of gloves
Will    ++...                   M - +0 pair of boots of Quantum Leap {Harm rElec rPois Dex-5}
Stlth   ..........              w - amulet of regeneration
HPRegen 1.13/turn               X - ring "Peluss" {Drain rN+ Str+6 Int+2 Dex+5}
MPRegen 0.18/turn               D - ring of see invisible

@: on fire, about to teleport, corroded, on berserk cooldown, slowed, glowing,
repel missiles, very slow
A: horns 2, retaliatory headbutt
a: Renounce Religion, Berserk, Trog's Hand, Brothers in Arms


You were on level 15 of the Dungeon.
You worshipped Trog.
Trog was greatly pleased with you.
You visited 2 branches of the dungeon, and saw 20 of its levels.
You also visited: Ossuary, Bailey and Gauntlet.

You collected 1318 gold pieces.
You spent 129 gold pieces at shops.

Inventory:

Hand Weapons
 F - the +6 hammer "Tiugaisch" (weapon) {drain, Will+ MP+9 Int+3}
   (You found it on level 5 of the Dungeon)

   A truly terrible weapon, it drains the life of any living foe it strikes.
   Int:       It affects your intelligence (+3).
   MP:        It affects your magic capacity (+9).
   Will:      It increases your willpower.
 J - the +4 short sword of Eternal Vigilance {vorpal, Str-2 Int-4 Dex+8 SInv}
   (You found it on level 5 of the Lair of Beasts)

   It inflicts extra damage upon your enemies.
   Str:       It affects your strength (-2).
   Int:       It affects your intelligence (-4).
   Dex:       It affects your dexterity (+8).
   SInv:      It lets you see invisible.
 N - the +7 sling of Pyromania {flame, *Slow +Blink rF+}
   (You took it off a centaur on level 7 of the Dungeon)

   Any ammunition fired from it burns those it strikes, dealing additional fire
   damage.
   rF:        It protects you from fire.
   +Blink:    It lets you blink.
   *Slow:     It may slow you when you take damage.
Missiles
 d - 5 throwing nets
 e - 7 javelins
 m - 9 boomerangs
 C - 8 boomerangs of dispersal
 R - 29 poisoned darts (quivered)
 Z - 2 curare-tipped darts
Armour
 c - a +2 hat (worn)
 f - the +11 plate armour "Xisheth" (worn) {Int+4}
   (You found it on level 1 of the Lair of Beasts)

   Int:       It affects your intelligence (+4).
 n - a +0 kite shield (worn)
 M - the +0 pair of boots of Quantum Leap (worn) {Harm rElec rPois Dex-5}
   (You found it in a Gauntlet)

   Dex:       It affects your dexterity (-5).
   rElec:     It insulates you from electricity.
   rPois:     It protects you from poison.
   Harm:      It increases damage dealt and taken.
 P - a scarf of repulsion (worn)
 W - a +2 pair of gloves (worn)
Jewellery
 a - a +6 ring of dexterity
 w - an amulet of regeneration (around neck)
 D - a ring of see invisible (right hand)
 G - the ring "Wegatiw" {Will+ Str+6}
   (You found it in a Gauntlet)

   [ring of strength]

   Str:       It affects your strength (+6).
   Will:      It increases your willpower.
 L - a +4 ring of protection
 X - the ring "Peluss" (left hand) {Drain rN+ Str+6 Int+2 Dex+5}
   (You found it on level 5 of the Lair of Beasts)

   [ring of positive energy]

   Str:       It affects your strength (+6).
   Int:       It affects your intelligence (+2).
   Dex:       It affects your dexterity (+5).
   rN:        It protects you from negative energy.
   Drain:     It drains your maximum health when unequipped.
Wands
 j - a wand of paralysis (12)
 o - a wand of light (7)
 A - a wand of iceblast (31)
 Y - a wand of mindburst (4)
Scrolls
 b - 7 scrolls of teleportation
 p - 7 scrolls of immolation
 t - 5 scrolls of enchant armour
 v - 3 scrolls of summoning
 x - a scroll of fear
 y - 2 scrolls of silence
 B - 6 scrolls of enchant weapon
 H - a scroll of fog
 K - 3 scrolls of poison
Potions
 g - 4 potions of brilliance {unknown}
 h - 4 potions of might {unknown}
 i - 2 potions of berserk rage {unknown}
 k - a potion of mutation {unknown}
 l - 8 potions of curing
 q - 3 potions of invisibility {unknown}
 s - 4 potions of heal wounds {unknown}
 u - 2 potions of cancellation {unknown}
 z - 2 potions of lignification {unknown}
 I - 5 potions of ambrosia
 O - 2 potions of magic
 S - 2 potions of resistance
 U - 3 potions of flight
 V - 2 potions of haste
Miscellaneous
 Q - a box of beasts
 T - a lightning rod (4/4)


   Skills:
 + Level 14.2 Fighting
 + Level 7.4(12.6) Axes
 + Level 15.8(16.4) Maces & Flails
 + Level 8.8 Ranged Weapons
 + Level 5.1 Throwing
 + Level 15.3 Armour
 + Level 9.0 Dodging
 + Level 1.7 Stealth
 + Level 14.8 Shields


You had 14 spell levels left.
You didn't know any spells.
Your spell library contained the following spells:

 Spells                   Type           Power      Damage    Failure   Level
 Apportation              Tloc           0%         N/A       94%         1
 Beastly Appendage        Tmut           0%         N/A       94%         1
 Necrotise                Necr           0%         1d4       94%         1
 Summon Small Mammal      Summ           0%         N/A       94%         1
 Blink                    Tloc           0%         N/A       98%         2
 Static Discharge         Conj/Air       0%         3-3/arc   98%         2
 Wereblood                Tmut           0%         N/A       98%         2
 Dazzling Flash           Conj/Hex       0%         N/A       100%        3
 Inner Flame              Hex/Fire       0%         N/A       100%        3
 Lesser Beckoning         Tloc           0%         N/A       100%        3
 Mephitic Cloud           Conj/Pois/Air  0%         N/A       100%        3
 Spider Form              Tmut/Pois      0%         N/A       100%        3
 Stone Arrow              Conj/Erth      0%         3d7       100%        3
 Cause Fear               Hex            0%         N/A       100%        4
 Corpse Rot               Necr/Pois/Air  0%         N/A       100%        4
 Dispel Undead            Necr           0%         3d6       100%        4
 Fulminant Prism          Conj/Hex       0%         3d6       100%        4
 Iskenderun's Mystic Bla  Conj/Tloc      0%         2d3       100%        4
 Passage of Golubria      Tloc           0%         N/A       100%        4
 Petrify                  Tmut/Erth      0%         N/A       100%        4
 Sticky Flame             Conj/Fire      0%         2d3       100%        4
 Summon Ice Beast         Ice/Summ       0%         N/A       100%        4
 Alistair's Intoxication  Tmut/Pois      0%         N/A       100%        5
 Borgnjor's Vile Clutch   Necr/Erth      0%         N/A       100%        5
 Fireball                 Conj/Fire      0%         3d3       100%        5
 Lee's Rapid Deconstruct  Erth           0%         3d5*      100%        5
 Manifold Assault         Tloc           0%         N/A       100%        5
 Metabolic Englaciation   Hex/Ice        0%         N/A       100%        5
 Silence                  Hex/Air        0%         N/A       100%        5
 Summon Mana Viper        Hex/Summ       0%         N/A       100%        5
 Eringya's Noxious Bog    Tmut/Pois      0%         N/A       100%        6
 Starburst                Conj/Fire      0%         6d3       100%        6
 Statue Form              Tmut/Erth      0%         N/A       100%        6
 Monstrous Menagerie      Summ           0%         N/A       100%        7
 Storm Form               Tmut/Air       0%         N/A       100%        7
 Discord                  Hex            0%         N/A       100%        8
 Ignition                 Fire           0%         3d3       100%        8
 Lehudib's Crystal Spear  Conj/Erth      0%         10d2      100%        8
 Chain Lightning          Conj/Air       0%         N/A       100%        9
 Fire Storm               Conj/Fire      0%         5d1       100%        9
 Shatter                  Erth           0%         3d5*      100%        9


Dungeon Overview and Level Annotations

Branches:
Dungeon (15/15)            Temple (0/1) D:6            Lair (5/5) D:9
 Shoals (0/4) Lair:3       Spider (0/4) Lair:3        Slime (0/5) Lair:5
    Orc (0/2) D:11         Vaults (0/5) D:14         Depths (0/4) D:15
Ossuary (visited)          Bailey (visited)         Gauntlet (visited)

Altars:
Ashenzari
Elyvilon
Makhleb
Trog
Uskayaw
Vehumet
Xom
Jiyva

Shops:
D:1 *   D:6 **   D:7 =   D:10 *


Innate Abilities, Weirdness & Mutations

You have a pair of horns on your head.
You reflexively headbutt those who attack you in melee.


Message History

The deep elf pyromancer is almost dead.
The fire elemental hits you. The fire elemental burns you!
You block the fire elemental's attack.
The hellwing swoops through the air toward you!
You block the hellwing's attack.
The hellwing hits you but does no damage.
The fire elemental misses you.
Throw: 30 darts (poison)
Press: ? - help, Q - select action, (/) - cycle Shift-Dir - straight line, f/p - deep elf pyromancer
Aim: a deep elf pyromancer, wielding a +1 long sword of draining and wearing a +0 leather armour (almost dead, 58% to hit)
You throw a poisoned dart.
The poisoned dart closely misses the deep elf pyromancer.
The fire elemental hits you. The fire elemental burns you!
The hellwing hits you but does no damage.
You block the hellwing's attack. The fire elemental hits you.
The fire elemental burns you! You block the fire elemental's attack.
As you read the scroll of teleportation, it crumbles to dust.
You feel strangely unstable. You block the fire elemental's attack.
The hellwing hits you!
* * * LOW HITPOINT WARNING * * *
You block the hellwing's attack. The fire elemental hits you.
The fire elemental burns you!
* * * LOW HITPOINT WARNING * * *
The deep elf pyromancer casts a spell at you.
The sticky flame hits you but does no damage.
You are covered in liquid flames!
You block the fire elemental's attack. The hellwing hits you.
* * * LOW HITPOINT WARNING * * *
The hellwing hits you but does no damage.
The fire elemental closely misses you.
Blink to where?
Press: ? - help, Dir - move target, p - deep elf pyromancer
As you read the scroll of blinking, it crumbles to dust.
You are covered in liquid flames!
* * * LOW HITPOINT WARNING * * *
The deep elf pyromancer gestures at you while chanting.
The bolt of fire hits you!
* * * LOW HITPOINT WARNING * * *
You are covered in liquid flames!
You die...

....... ...... .... .......
..... ... ....... .... ..#
....... ... ..#
#######.....#..
?.###.....##......
..##.......##....#
..#..##)##..#...@##
#.#..#...#))#.....#....(...
..#..#.>.#..#..........(...
..#.)#...#..#..............
..#..#####..#.###...e....#
..##.......##.# ........# .
#.###..)..##..# ##4...# .
..# ###'###..# ###E..## ...
.^###<#...##.####Q☼E...#
....


You could see a hellwing, a deep elf pyromancer and a fire elemental (summoned).

Vanquished Creatures
  Rupert (Lair:4)
  Jorgrun (D:14)
  Kirke (D:13)
  A minotaur (Gauntlet)
  4 dire elephants (Lair:5)
  The ghost of TheSexyCheese the Cleaver, a journeyman HOBe of Trog (Lair:5)
  The ghost of Veeshiej the Spear-Bearer, a journeyman MiFi of Okawaru (Lair:4)
  Snorg (D:11)
  Josephine (D:13)
  A boulder beetle (Lair:2)
  A fire dragon (D:15)
  9 hydras
  2 ogre magi
  6 two-headed ogres
  A catoblepas (Gauntlet)
  4 centaur warriors
  A death yak (Lair:5)
  A tengu warrior (D:14)
  Nergalle (D:11)
  6 skeletal warriors
  A spectral dire elephant (Lair:5)
  A spectral death yak (Lair:5)
  A spectral anaconda (Lair:5)
  A sixfirhy (D:15)
  An obsidian statue (Lair:5)
  A wizard (D:15)
  4 necromancers
  3 orc knights
  7 deep elf pyromancers
  2 deep elf zephyrmancers (D:15)
  A wolf spider (D:13)
  6 ugly things
  5 slime creatures (D:15)
  4 manticores
  6 cyclopes
  A rust devil (D:15)
  A centaur zombie (D:15)
  A black mamba (Lair:4)
  2 gargoyles
  7 elephants (Lair:5)
  A centaur skeleton (D:15)
  A dire elephant skeleton (Lair:5)
  An unseen horror (D:11)
  13 komodo dragons
  3 large abominations (Gauntlet)
  6 cane toads
  A rime drake (Lair:1)
  2 demonic crawlers (D:15)
  A kobold demonologist (D:14)
  A red devil (D:15)
  A tengu conjurer (D:14)
  A queen bee (Lair:4)
  4 meliai
  3 trolls
  A polar bear (Lair:1)
  A tyrant leech (D:15)
  A wind drake (Lair:3)
  A harpy skeleton (D:15)
  5 hornets
  2 spectral elephants (Lair:5)
  19 blink frogs (Lair:3)
  4 dream sheep (Lair:4)
  Prince Ribbit (D:8)
  8 wyverns
  A vampire (D:14)
  8 wraiths
  A centaur simulacrum (D:14)
  62 yaks
  9 shadows
  2 ynoxinuls (D:15)
  4 hogs (D:13)
  4 basilisks
  A chaos spawn (D:15)
  A redback (Lair:3)
  9 vampire mosquitoes
  A death yak simulacrum (Lair:5)
  A steam dragon (D:7)
  A warg (D:15)
  2 swamp worms (D:15)
  An acid dragon (D:9)
  10 water moccasins
  6 small abominations (Gauntlet)
  13 orc warriors
  4 sky beasts
  4 black bears
  4 ice beasts (D:7)
  An elephant zombie (Lair:5)
  6 wolves (Lair:2)
  8 ogres
  2 elephant skeletons (Lair:5)
  2 phantoms
  13 centaurs
  4 kobold brigands
  A necrophage (D:7)
  17 bullfrogs
  2 gnoll sergeants
  A cane toad simulacrum (Lair:5)
  2 scorpions (D:5)
  8 wights
  11 killer bees
  2 howler monkeys (D:7)
  An electric eel (Lair:4)
  6 hounds
  Crazy Yiuf (D:5)
  A human zombie (Ossuary)
  2 jellies (D:7)
  7 orc priests
  A boggart zombie (D:15)
  3 iguanas
  10 orc wizards
  2 mummies (Ossuary)
  14 gnolls
  9 adders
  A shadow imp (D:6)
  2 white imps
  3 ufetubi
  5 adder zombies (Ossuary)
  3 worms
  A dart slug (D:2)
  46 orcs
  7 ball pythons
  5 endoplasms
  5 giant cockroaches
  5 goblins
  5 hobgoblins
  4 jackals (D:3)
  4 quokkas
  2 bats (D:2)
  4 frilled lizards
  8 hobgoblin zombies (Ossuary)
  2 jackal zombies (Ossuary)
  19 kobolds
  11 kobold zombies (Ossuary)
  7 orc zombies (Ossuary)
  14 rats
  3 rat zombies (Ossuary)
635 creatures vanquished.

Vanquished Creatures (collateral kills)
  An orc warrior (Bailey)
1 creature vanquished.

Vanquished Creatures (others)
  An orc (D:14)
  2 demonic plants (D:15)
  24 fungi
  30 plants
  21 withered plants (Lair:5)
78 creatures vanquished.

Grand Total: 714 creatures vanquished

Notes
Turn   | Place    | Note
-------+----------+-------------------------------------------
     0 | D:1      | xian the Minotaur Gladiator began the quest for the Orb.
     0 | D:1      | Reached XP level 1. HP: 18/18 MP: 0/0
    81 | D:1      | Reached XP level 2. HP: 25/25 MP: 1/1
   556 | D:1      | Reached skill level 1 in Armour
   768 | D:1      | Reached XP level 3. HP: 30/30 MP: 2/2
   840 | D:1      | Found Utuos's Assorted Antiques.
  1150 | D:2      | Found a faded altar of an unknown god.
  1158 | D:2      | Prayed at the altar of an unknown god.
  1158 | D:2      | Became a worshipper of Trog the Wrathful
  1158 | D:2      | Reached * piety under Trog
  1200 | D:2      | Reached skill level 5 in Axes
  1227 | D:2      | Reached XP level 4. HP: 19/38 MP: 3/3
  2748 | D:3      | Reached XP level 5. HP: 46/46 MP: 4/4
  2845 | D:4      | Found a sand-covered staircase.
  2881 | D:4      | Found a shimmering altar of Xom.
  2896 | D:4      | Reached ** piety under Trog
  2903 | Ossuary  | Entered an ossuary
  3082 | Ossuary  | Reached *** piety under Trog
  3088 | Ossuary  | Reached skill level 1 in Shields
  3458 | D:4      | Reached XP level 6. HP: 52/52 MP: 5/5
  3957 | D:1      | Bought a fizzy blue potion for 19 gold pieces
  3957 | D:1      | Bought a notched gilded ring for 110 gold pieces
  4044 | D:5      | Entered Level 5 of the Dungeon
  4430 | D:5      | Identified the +6 hammer "Tiugaisch" {drain, Will+ MP+9
                  | Int+3}
  4437 | D:5      | Found a runed translucent door.
  4438 | D:5      | Noticed Crazy Yiuf
  4449 | D:5      | Killed Crazy Yiuf
  4598 | D:5      | Reached XP level 7. HP: 60/60 MP: 6/6
  4634 | D:5      | Reached skill level 1 in Maces & Flails
  4770 | D:5      | Noticed a moth of wrath
  4773 | D:5      | Found a bloodstained altar of Trog.
  4791 | D:5      | Reached **** piety under Trog
  4999 | D:6      | Found a staircase to the Ecumenical Temple.
  5219 | D:6      | Reached XP level 8. HP: 67/67 MP: 7/7
  5293 | D:6      | Found a broken altar of Ashenzari.
  5325 | D:6      | Found Duudden's General Store.
  5329 | D:6      | Found Penkethro's Specific Store.
  5391 | D:6      | Reached skill level 5 in Fighting
  5690 | D:7      | Found Qaradonu's Jewellery Boutique.
  5811 | D:7      | Reached skill level 5 in Maces & Flails
  5811 | D:7      | Reached skill level 5 in Armour
  5811 | D:7      | Reached skill level 5 in Dodging
  5883 | D:7      | Reached XP level 9. HP: 65/74 MP: 8/8
  6136 | D:7      | Noticed a two-headed ogre
  6145 | D:7      | Killed a two-headed ogre
  6182 | D:7      | Identified the +7 sling of Pyromania {flame, *Slow +Blink
                  | rF+}
  6220 | D:7      | Reached ***** piety under Trog
  6221 | D:7      | Noticed a komodo dragon
  6228 | D:7      | Noticed a deep elf pyromancer
  6234 | D:7      | Reached skill level 1 in Ranged Weapons
  6234 | D:7      | Reached XP level 10. HP: 84/84 MP: 9/9
  6273 | D:7      | Reached skill level 5 in Shields
  6295 | D:7      | Noticed a six-headed hydra
  6297 | D:7      | Killed a deep elf pyromancer
  6305 | D:7      | Killed a six-headed hydra
  6319 | D:7      | Noticed a white ugly thing
  6387 | D:7      | Noticed a cyclops
  6397 | D:7      | Killed a cyclops
  6420 | D:7      | Killed a white ugly thing
  6490 | D:7      | Noticed a cyclops
  6502 | D:7      | Killed a cyclops
  6503 | D:7      | Reached skill level 10 in Maces & Flails
  7367 | D:8      | Reached XP level 11. HP: 78/92 MP: 10/10
  8070 | D:8      | Found a hide-covered altar of Uskayaw.
  8149 | D:8      | Reached skill level 1 in Stealth
  8188 | D:8      | Noticed Prince Ribbit
  8198 | D:8      | Killed Prince Ribbit
  8462 | D:9      | Found a flagged portal.
  8562 | D:9      | Noticed a two-headed ogre
  8629 | Bailey   | Entered a bailey
  8700 | Bailey   | Reached skill level 5 in Ranged Weapons
  9152 | Bailey   | Noticed an orc knight
  9162 | Bailey   | Killed an orc knight
  9352 | D:9      | Killed a two-headed ogre
  9585 | D:9      | Found a staircase to the Lair.
  9737 | D:9      | Found a burning altar of Makhleb.
  9737 | D:9      | Noticed a blizzard demon
  9835 | D:9      | Found a radiant altar of Vehumet.
 10221 | D:10     | Entered Level 10 of the Dungeon
 10221 | D:10     | Noticed a six-headed hydra
 10352 | D:10     | Found a white marble altar of Elyvilon.
 10458 | D:10     | Identified the +8 mace "Feosid" {freeze, rPois Str+2 Int+4}
 10525 | D:10     | Killed a six-headed hydra
 10628 | D:10     | Found Caave's General Store.
 11035 | D:11     | Reached XP level 12. HP: 104/104 MP: 11/11
 11086 | D:11     | Noticed Nergalle
 11096 | D:11     | Killed Nergalle
 11734 | D:11     | Found a staircase to the Orcish Mines.
 11739 | D:11     | Noticed Snorg
 11756 | D:11     | Killed Snorg
 12063 | Lair:1   | Entered Level 1 of the Lair of Beasts
 12068 | Lair:1   | Identified the +11 plate armour "Xisheth" {Int+4}
 12120 | Lair:1   | Noticed an eight-headed hydra
 12131 | Lair:1   | Killed an eight-headed hydra
 12132 | Lair:1   | Reached skill level 10 in Armour
 12196 | Lair:1   | Reached skill level 10 in Fighting
 12260 | Lair:1   | Noticed an eight-headed hydra
 12268 | Lair:1   | Killed an eight-headed hydra
 12316 | Lair:1   | Noticed an eight-headed hydra
 12326 | Lair:1   | Killed an eight-headed hydra
 13052 | Lair:2   | Noticed a boulder beetle
 13095 | Lair:2   | Killed a boulder beetle
 13096 | Lair:2   | Reached XP level 13. HP: 114/114 MP: 12/12
 13731 | Lair:3   | Reached skill level 10 in Shields
 13795 | Lair:3   | Found a hole to the Spider Nest.
 13812 | Lair:3   | Found a gate leading to a gauntlet.
 13825 | Gauntlet | Entered a Gauntlet
 13825 | Gauntlet | Found a transporter.
 13834 | Gauntlet | Found a transporter.
 13835 | Gauntlet | Found a transporter.
 13846 | Gauntlet | Found a transporter.
 13849 | Gauntlet | Found a transporter.
 13857 | Gauntlet | Found a transporter.
 13861 | Gauntlet | Found a transporter.
 13870 | Gauntlet | Found a transporter.
 13873 | Gauntlet | Found a transporter.
 13881 | Gauntlet | Found a transporter.
 13904 | Gauntlet | Found a transporter.
 13916 | Gauntlet | Found a transporter.
 13928 | Gauntlet | Found a transporter.
 13940 | Gauntlet | Found a transporter.
 14078 | Gauntlet | Identified the ring "Wegatiw" {Will+ Str+6}
 14254 | Gauntlet | Identified the +0 pair of boots of Quantum Leap {Harm rElec
                  | rPois Dex-5}
 14299 | Gauntlet | Noticed a minotaur
 14311 | Gauntlet | Killed a minotaur
 14674 | Lair:3   | Identified the +4 rapier "Tormentor" {freeze, Dex+7}
 14919 | Lair:3   | Found a staircase to the Shoals.
 15355 | Lair:4   | Found a transporter.
 15355 | Lair:4   | Found a transporter.
 15358 | Lair:4   | Noticed Veeshiej's ghost (journeyman MiFi)
 15642 | Lair:4   | Noticed Rupert
 15660 | Lair:4   | Killed Rupert
 15778 | Lair:4   | Reached XP level 14. HP: 122/125 MP: 12/13
 16202 | Lair:4   | Killed Veeshiej's ghost
 16274 | Lair:4   | Got the Quarto of Vitriolic Striking
 16412 | Lair:5   | Entered Level 5 of the Lair of Beasts
 16526 | Lair:5   | Identified the +4 short sword of Eternal Vigilance {vorpal,
                  | Str-2 Int-4 Dex+8 SInv}
 16824 | Lair:5   | Identified the ring "Peluss" {Drain rN+ Str+6 Int+2 Dex+5}
 17044 | Lair:5   | Found a viscous altar of Jiyva.
 17044 | Lair:5   | Found a staircase to the Slime Pits.
 17169 | Lair:5   | Found a runed translucent door.
 17179 | Lair:5   | Noticed TheSexyCheese's ghost (journeyman HOBe)
 17196 | Lair:5   | Killed TheSexyCheese's ghost
 17641 | Lair:5   | Reached skill level 15 in Maces & Flails
 19076 | D:13     | Noticed Josephine
 19087 | D:13     | Killed Josephine
 19464 | D:13     | Found a hide-covered altar of Uskayaw.
 19741 | D:13     | Noticed Kirke
 19752 | D:13     | Killed Kirke
 19885 | D:14     | Reached XP level 15. HP: 136/136 MP: 14/14
 20279 | D:14     | Reached skill level 5 in Throwing
 20616 | D:14     | Found a gate to the Vaults.
 20648 | D:14     | Noticed Jorgrun
 20661 | D:14     | Killed Jorgrun
 20801 | D:15     | Entered Level 15 of the Dungeon
 21075 | D:15     | Found a staircase to the Depths.
 21081 | D:15     | Reached skill level 15 in Armour
 21388 | D:15     | HP: 5/138 [deep elf pyromancer/bolt of fire (19)]
 21389 | D:15     | Incinerated by a deep elf pyromancer

Illustrated notes

Levels and vault maps discovered:
D:1:      zaba_arrival_water, layout_loops_ring, serial_shops,
          nicolae_shop_statue_plus, kennysheep_doodads
D:2:      layout_basic, shapermc_ecumenical_altar_venn, minmay_misc_feat_room
D:3:      layout_loops_ring
D:4:      layout_rooms, mainiacjoe_overflow_alcove_4,
          nicolae_ossuary_entry_monument, dk_noncrumbling_2
D:5:      layout_loops_ring, tgw_trog, uniq_crazy_yiuf_cottage
D:6:      layout_basic, mainiacjoe_overflow_surrounded_room,
          minmay_temple_entry_drinking_statues, nicolae_specific_store
D:7:      minmay_the_grid_triangle_9x9_recursive_2
          [minmay_the_grid_triangle_9x9_prize_schism,
          minmay_the_grid_triangle_9x9_skeleton,
          minmay_the_grid_triangle_9x9_dagger,
          minmay_the_grid_triangle_9x9_flanged_cone], layout_layer_cave,
          serial_shops, nicolae_shop_trees, minmay_bent
D:8:      layout_basic, kennysheep_little_box, serial_co_window_serial,
          co_window_cross_1, co_window_of_opportunity_a, co_window_paths_a,
          co_window_cross_1, co_window_paths_a, co_window_paths_c,
          co_window_broadway_c, co_window_broadway_c, co_window_2corner,
          co_window_corner_b, co_window_4corner_a, uniq_prince_ribbit1
D:9:      layout_long_grid, makhleb_altar_promises_db, general_overflow_altar,
          lair_entry_dummy, enter_bailey_8
D:10:     layout_cave_pools, elyvilon_altar_5, serial_shops,
          kennysheep_mini_moat
D:11:     minmay_distorted_concentric_squares, layout_long_grid, orc_0_dummy,
          uniq_snorg, uniq_nergalle
D:12:     layout_basic
D:13:     layout_loops_ring, nicolae_uskayaw_en_pointe, uniq_josephine,
          uniq_kirke
D:14:     layout_cave_pools, hangedman_vaults_entry_quadrant_bands,
          serial_column_ruins, column_ruins_hut, column_ruins_grid_1,
          column_ruins_open_small, column_ruins_columns_straight,
          abandoned_shop, chequers_jeans, uniq_jorgrun
D:15:     grunt_enter_depths_magical_seal, layout_cave_pools, serial_demonic,
          serial_demonic_d, serial_demonic_f, serial_demonic_g,
          serial_demonic_e, nicolae_ru_sacrificial_ziggurat, minivault_16,
          worms_lemuel
Lair:1:   layout_cave_shapes, guppyfry_lair_drakes, grunt_megastairs_2
Lair:2:   layout_loops_ring
Lair:3:   layout_chaotic_city, minmay_shoals_entry_beasts,
          spider_nest_entry_rubble, gauntlet_entry_generic, grunt_megastairs_1
Lair:4:   layout_roguey, gammafunk_ghost_hive, minivault_23,
          infiniplex_staircase_pool_2, serial_bayou_shore_a, uniq_rupert
Lair:5:   due_jungle_book, layout_gridlike, dpeg_slime_entry_enclosed,
          ebering_ghost_reflecting_pool, chequers_serial_rivers_small_3,
          chequers_serial_rivers_micro_a

Skill      XL: |  1  2  3  4  5  6  7  8  9 10 11 12 13 14 15 |
---------------+----------------------------------------------+-----
Axes           | 4 5 6 7 |  7.4
Armour         | 1 2 3 4 5 7 9 11 12 14 15 | 15.3
Fighting       | 3 4 5 6 7 9 10 11 13 14 | 14.2
Shields        | 1 3 4 6 7 9 11 13 14 | 14.8
Dodging        | 4 5 6 7 8 9 |  9.0
Maces & Flails | 3 5 8 10 12 13 14 15 | 15.8
Throwing       | 3 4 5 |  5.1
Ranged Weapons | 1 4 6 7 8 |  8.8
Stealth        | 1 |  1.7

Action                   |  1- 3 |  4- 6 |  7- 9 | 10-12 | 13-15 || total
-------------------------+-------+-------+-------+-------+-------++-------
Melee: War axe           |    58 |   147 |       |       |       ||   205
       Headbutt          |     5 |    26 |    28 |   129 |   269 ||   457
       Mace              |       |    15 |   168 |   517 |   997 ||  1697
 Fire: Sling             |       |       |    15 |   162 |    33 ||   210
Throw: Stone             |     5 |    53 |    22 |    14 |    24 ||   118
       Javelin           |       |    10 |     5 |     8 |       ||    23
       Boomerang         |       |     2 |     4 |       |       ||     6
       Dart              |       |       |     1 |     1 |    13 ||    15
Invok: Berserk           |       |     1 |     5 |    19 |    33 ||    58
       Trog's Hand       |       |       |     2 |    14 |    22 ||    38
       Brothers in Arms  |       |       |       |     1 |       ||     1
  Use: Scroll            |       |     8 |     1 |     8 |    18 ||    35
 Stab: Sleeping          |       |     1 |       |       |       ||     1
Armor: Leather armour    |    12 |    13 |       |       |       ||    25
       Chain mail        |       |    47 |       |    94 |       ||   141
       Ring mail         |       |    11 |   101 |    71 |       ||   183
       Plate armour      |       |       |       |   119 |   591 ||   710
Dodge: Dodged            |    36 |    64 |    97 |   285 |   384 ||   866
       Repelled          |       |       |       |       |    15 ||    15
Block: Kite shield       |     9 |    77 |    98 |   320 |   565 ||  1069
